 Dungeon Crawl Stone Soup version 0.28-a0-863-g8cecda6153 (webtiles) character file.

Game seed: 5087381008664253355

436 jbasstz the Ruffian (level 6, -6/61 HPs)
             Began as a Troll Berserker on Nov 16, 2021.
             Was a Believer of Trog.
             Killed from afar by an orc wizard (8 damage)
             ... with a puff of flame
             ... on level 5 of the Dungeon.
             The game lasted 00:19:40 (3279 turns).

jbasstz the Ruffian (Troll Berserker)               Turns: 3279, Time: 00:19:42

Health: -6/61      AC:  4    Str: 28    XL:     6   Next: 68%
Magic:  5/5        EV: 11    Int:  3    God:    Trog [**....]
Gold:   286        SH:  0    Dex: 15    Spells: 5/5 levels left

rFire   . . .      SeeInvis .   s - +2 quarterstaff (chaos)
rCold   . . .      Faith    .   (shield currently unavailable)
rNeg    . . .      Spirit   .   a - +0 animal skin
rPois   +          Reflect  .   (helmet restricted)
rElec   .          Harm     .   (no cloak)
rCorr   .          Rampage  .   (gloves unavailable)
Will    .....                   (boots unavailable)
Stlth   ++........              (no amulet)
HPRegen 1.20/turn               e - ring of poison resistance
MPRegen 0.09/turn               i - +6 ring of dexterity

@: no status effects
A: large, unfitting armour, claws 3, regeneration 1, shaggy fur 1, tough skin 1
a: Renounce Religion, Berserk, Trog's Hand


You were on level 5 of the Dungeon.
You worshipped Trog.
Trog was pleased with you.
You visited 1 branch of the dungeon, and saw 5 of its levels.

You collected 286 gold pieces.

Inventory:

Hand Weapons
 s - a +2 quarterstaff of chaos (weapon)
Missiles
 f - 175 stones
Armour
 a - a +0 animal skin (worn)
 t - a +0 cloak
Jewellery
 e - a ring of poison resistance (left claw)
 i - a +6 ring of dexterity (right claw)
 j - a ring of magical power
 q - an amulet of guardian spirit
Wands
 p - a wand of acid (9)
 u - a wand of flame (2) (quivered)
Scrolls
 b - a scroll of fog {unknown}
 c - 2 scrolls of enchant weapon {unknown}
 g - 4 scrolls of identify {unknown}
 h - a scroll of teleportation {unknown}
 k - a scroll of noise {unknown}
 l - a scroll of magic mapping {unknown}
 o - a scroll of amnesia {unknown}
Potions
 d - a potion of magic {unknown}
 m - 2 potions of lignification {unknown}
 n - a potion of ambrosia {unknown}
 r - a potion of mutation {unknown}


   Skills:
 + Level 3.1 Fighting
 + Level 3.7 Dodging
 + Level 0.6 Stealth
 + Level 6.0 Unarmed Combat
 + Level 0.2 Evocations


You had 5 spell levels left.
You didn't know any spells.
Your spell library was empty.

Dungeon Overview and Level Annotations

Branches:
Dungeon (5/15)
 Temple: D:4-7

Altars:
Dithmenos


Innate Abilities, Weirdness & Mutations

You are too large for most types of armour.
You have claws for hands.
Your natural rate of healing is unusually fast.
You are covered in fur. (AC +1)
You have tough skin. (AC +1)


Message History

Something hits you.
The orc wizard points at you and mumbles some strange words.
The puff of flame misses you. Something hits you but does no damage.
The orc wizard closely misses you.
You closely miss the orc wizard.
The orc wizard is heavily wounded.
Something hits you. The orc wizard barely misses you. Something hits you.
You barely miss the orc wizard.
The orc wizard is heavily wounded.
Something hits you.
The orc wizard gestures at you while chanting.
The puff of flame hits you.
* * * LOW HITPOINT WARNING * * *
Something hits you.
* * * LOW HITPOINT WARNING * * *
An orc wizard appears from thin air!
Reactivating autopickup.
Something hits you but does no damage.
Deactivating autopickup; reactivate with Ctrl-A.
The orc wizard gestures at you while chanting.
You resist with some effort. Something hits you.
* * * LOW HITPOINT WARNING * * *
Something hits you.
* * * LOW HITPOINT WARNING * * *
The orc wizard gestures at you while chanting.
The magic dart hits you!
* * * LOW HITPOINT WARNING * * *
You hear some strange, mumbled words.
A magic dart appears from out of thin air!
The magic dart hits you.
* * * LOW HITPOINT WARNING * * *
Found 17 stones.
You hear some strange, mumbled words.
A puff of flame appears from out of thin air!
The puff of flame hits you.
* * * LOW HITPOINT WARNING * * *
The orc wizard points at you and mumbles some strange words.
The puff of flame hits you!
You die...

#...##.###########
(...#......#8≈#.......
...#..†...#P.#≈≈≈≈≈≈≈
...#####..#..#..≈≈≈..
#.......©#©.'..≈⌠≈..
#........#..#..≈≈≈..
#......#.#P.#≈≈≈≈≈≈≈
#...(..+.#8P#......)
#..@...#.###########
#......#............
#.o{...######.......
#oo....# #.......
#......######.......
#..............>....
#...................
#............#+#####
#............#


You could see 2 orc wizards and an orc.

Vanquished Creatures
  3 scorpions (D:4)
  An orc priest (D:5)
  A hound (D:5)
  Crazy Yiuf (D:3)
  An orc wizard (D:3)
  A hound zombie (D:5)
  3 adders
  3 shadow imps (D:5)
  A worm (D:3)
  4 dart slugs
  6 orcs
  4 ball pythons
  3 bats
  10 endoplasms
  6 hobgoblins
  2 jackals (D:4)
  4 quokkas
  3 frilled lizards
  7 goblins
  6 kobolds
  4 rats
74 creatures vanquished.

Notes
Turn   | Place    | Note
-------+----------+-------------------------------------------
     0 | D:1      | jbasstz the Troll Berserker began the quest for the Orb.
     0 | D:1      | Reached XP level 1. HP: 22/22 MP: 0/0
    99 | D:1      | Reached XP level 2. HP: 29/29 MP: 1/1
   602 | D:2      | Reached XP level 3. HP: 24/36 MP: 2/2
   725 | D:2      | Reached ** piety under Trog
   797 | D:2      | Found a faded altar of an unknown god.
  1057 | D:3      | Reached skill level 4 in Unarmed Combat
  1065 | D:3      | You fall into a shaft and drop 1 floor!
  1077 | D:4      | Noticed a scorpion
  1091 | D:4      | Killed a scorpion
  1092 | D:4      | Reached XP level 4. HP: 11/45 MP: 3/3
  1385 | D:4      | Noticed a scorpion
  1390 | D:4      | Killed a scorpion
  1391 | D:4      | Reached skill level 5 in Unarmed Combat
  1391 | D:4      | Reached XP level 5. HP: 47/53 MP: 4/4
  2057 | D:3      | Reached XP level 6. HP: 61/61 MP: 5/5
  2128 | D:3      | Found a shadowy altar of Dithmenos.
  2823 | D:3      | Found a runed translucent door.
  2824 | D:3      | Noticed Crazy Yiuf
  2832 | D:3      | Killed Crazy Yiuf
  2997 | D:5      | Entered Level 5 of the Dungeon
  3001 | D:5      | Found a transporter.
  3001 | D:5      | Found a transporter.
  3160 | D:5      | Reached skill level 6 in Unarmed Combat
  3279 | D:5      | HP: 2/61 [something/puff of flame (4)]
  3279 | D:5      | Killed from afar by an orc wizard

Illustrated notes

Levels and vault maps discovered:
D:1:      elethiomel_arrival_quiet, layout_basic
D:2:      layout_basic, basic_ecumenical_altar
D:3:      layout_loops_corners, general_overflow_altar, uniq_crazy_yiuf_cottage
D:4:      layout_loops_corners, nicolae_zen_rock_garden, minmay_quantized
D:5:      gammafunk_wand_slinger, layout_gridville,
          mainiacjoe_overflow_six_doors_small, portal_sewer_entry_d

Skill      XL: |  1  2  3  4  5  6 |
---------------+-------------------+-----
Unarmed Combat | 4 5 6 |  6.0
Fighting       | 3 |  3.1
Dodging        | 3 |  3.7
Stealth        | |  0.6
Evocations     | |  0.2

Action                   |  1- 3 |  4- 6 || total
-------------------------+-------+-------++-------
Melee: Unarmed           |    83 |    69 ||   152
       Punch             |     2 |     1 ||     3
       Quarterstaff      |       |    20 ||    20
Evoke: Wand              |       |    17 ||    17
 Stab: Sleeping          |       |     1 ||     1
Armor: Animal skin       |    18 |    23 ||    41
Dodge: Dodged            |    37 |    34 ||    71

Table legend: (Time is in decaauts)
 A = Elapsed time spent in this place.
 B = Non-inter-level travel time spent in this place.
 C = Inter-level travel time spent in this place.
 D = Time resting spent in this place.
 E = Time spent auto-exploring this place.
 F = Levels seen in this place.
 G = Mean time per level.
                   A        B        C        D        E       F      G
               +--------+--------+--------+--------+--------+-----+--------+
         Total |   3274 |   3268 |      6 |      0 |   2165 |   5 |  654.8 |
       Dungeon |   3274 |   3268 |      6 |      0 |   2165 |   5 |  654.8 |
               +--------+--------+--------+--------+--------+-----+--------+

Top non-repeatable levels by time:
     D:3: 981 daAuts
     D:4: 971 daAuts
     D:1: 548 daAuts
     D:2: 483 daAuts
     D:5: 290 daAuts
